 Dungeon Crawl Stone Soup version 0.23.2-40-g277498a (webtiles) character file.

Game seed: 14869124935550177178

3713 hanselmaniac the Grappler (level 9, -2/80 HPs)
             Began as a Troll Monk on Sept 13, 2019.
             Was an Elder of Makhleb.
             Slain by a killer bee (3 damage)
             ... on level 9 of the Dungeon.
             The game lasted 00:25:26 (6042 turns).

hanselmaniac the Grappler (Troll Monk)              Turns: 6042, Time: 00:25:26

Health: -2/80      AC:  6    Str: 24    XL:     9   Next: 91%
Magic:  8/8        EV: 12    Int:  6    God:    Makhleb [****..]
Gold:   390        SH:  0    Dex: 16    Spells: 8/8 levels left

rFire    . . .     SeeInvis .     - Unarmed
rCold    + . .     Gourm    +   (no shield)
rNeg     . . .     Faith    .   a - +0 robe
rPois    .         Spirit   .   (helmet restricted)
rElec    .         Reflect  .   (no cloak)
rCorr    .         Harm     .   (gloves unavailable)
MR       .....                  (boots unavailable)
Stlth    ++........             J - amulet of regeneration
HPRegen  1.03/turn              F - +4 ring of dexterity
MPRegen  0.11/turn              A - ring of protection from cold

@: lethally poisoned (-2 -> -2)
A: large, unfitting armour, claws 3, fast metabolism 3, gourmand, regeneration
1, shaggy fur 1, tough skin 3
a: Minor Destruction, Lesser Servant of Makhleb, Major Destruction, Renounce
Religion


You were on level 9 of the Dungeon.
You worshipped Makhleb.
Makhleb was greatly pleased with you.
You were not hungry.

You visited 2 branches of the dungeon, and saw 10 of its levels.
You also visited: Sewer.

You collected 390 gold pieces.

Inventory:

Hand Weapons
 u - a +0 whip of flaming
 y - a +0 hand axe of electrocution
Armour
 a - a +0 robe (worn)
 q - a +0 robe
 t - a +2 scale mail of poison resistance
 G - a +2 pair of gloves
Jewellery
 b - an uncursed ring of ice
 f - an uncursed amulet of regeneration
 r - an uncursed ring of positive energy
 x - a -3 ring of dexterity
 A - a ring of protection from cold (right claw)
 F - a +4 ring of dexterity (left claw)
 J - an amulet of regeneration (around neck)
Wands
 D - a wand of polymorph (10)
 H - a wand of flame (35)
 I - a wand of enslavement (2)
 N - a wand of paralysis (6)
 P - a wand of iceblast (5)
Scrolls
 c - 3 scrolls of teleportation
 d - 2 scrolls of blinking {unknown}
 g - a scroll of fog {unknown}
 i - a scroll of noise {unknown}
 j - 4 scrolls of remove curse
 n - a scroll of immolation
 o - 2 scrolls of fear
 s - a scroll of enchant armour {unknown}
 B - a scroll of holy word {unknown}
 C - 5 scrolls of identify
 K - a scroll of magic mapping {unknown}
 L - a scroll of enchant weapon {unknown}
 M - a scroll of random uselessness {unknown}
Potions
 e - a potion of lignification {unknown}
 h - 2 potions of cancellation
 k - a potion of degeneration {unknown}
 l - a potion of haste
 m - a potion of berserk rage {unknown}
 p - 3 potions of flight
 v - a potion of curing {unknown}
 w - a potion of heal wounds {unknown}
 E - a potion of mutation {unknown}
 O - a potion of might {unknown}


   Skills:
 - Level 2.9 Fighting
 + Level 4.5 Dodging
 - Level 1.0 Stealth
 * Level 13.2 Unarmed Combat


You had 8 spell levels left.
You didn't know any spells.
Your spell library was empty.

Dungeon Overview and Level Annotations

Branches:
Dungeon (9/15)             Temple (1/1) D:6
   Lair: D:8-11         Orc: D:9-12

Altars:
Ashenzari
Cheibriados
Dithmenos
Elyvilon
Fedhas
Gozag
Hepliaklqana
Kikubaaqudgha
Makhleb
Nemelex Xobeh
Okawaru
Qazlal
Ru
Sif Muna
Trog
Uskayaw
Vehumet
Wu Jian
Xom
Yredelemnul
Zin
The Shining One


Innate Abilities, Weirdness & Mutations

You are too large for most types of armour.
You have claws for hands.
Your metabolism is lightning-fast.
You like to eat raw meat.
Your natural rate of healing is unusually fast.
You are covered in fur. (AC +1)
You have extremely tough skin. (AC +3)


Message History

You miss the killer bee.
You feel sick. The killer bee barely misses you. The killer bee stings you.
* * * LOW HITPOINT WARNING * * *
You scratch the killer bee.
The killer bee is lightly wounded.
You feel sick. The killer bee stings you.
* * * LOW HITPOINT WARNING * * *
The killer bee barely misses you. The killer bee completely misses you.
The killer bee stings you!
* * * LOW HITPOINT WARNING * * *
You scratch the killer bee.
The killer bee is moderately wounded.
You feel sick. The killer bee stings you!
* * * LOW HITPOINT WARNING * * *
The killer bee stings you but does no damage.
You closely miss the killer bee.
The killer bee is moderately wounded.
* * * LOW HITPOINT WARNING * * *
You feel sick. The killer bee stings you.
You die...

####....#
#....#
#####....#
#...(.<..#
#........#
#........#
######...#
#...# #.@.#
######y†y#####.
#..............
#..............
#.####...###...
# #...# ..
#...# . #..?#
#...#


You could see 2 killer bees.

Vanquished Creatures
  A two-headed ogre (D:8)
  A wyvern (D:8)
  A hungry ghost (D:8)
  Menkaure (D:5)
  2 ice beasts (D:8)
  An orc warrior (D:6)
  A sky beast (D:6)
  2 phantoms
  A black bear (D:8)
  2 ogres (D:6)
  A centaur (D:6)
  A big kobold (Sewer)
  4 bullfrogs
  3 killer bees (D:9)
  10 wights
  A howler monkey (D:2)
  A bullfrog skeleton (D:7)
  3 hounds
  2 quasits
  An orc priest (D:6)
  A centaur skeleton (D:6)
  4 iguanas
  6 worker ants
  4 orc wizards
  A hound skeleton (D:5)
  A howler monkey skeleton (D:8)
  8 gnolls (D:6)
  4 adders
  2 river rats (Sewer)
  2 shadow imps
  2 oozes
  An adder skeleton (D:5)
  5 worms
  3 dart slugs
  4 leopard geckos
  15 orcs
  5 giant cockroaches
  3 goblins
  8 hobgoblins
  4 jackals
  2 quokkas (D:6)
  2 bats
  5 frilled lizards
  8 kobolds
  A leopard gecko skeleton (D:6)
  7 rats
148 creatures vanquished.

Notes
Turn   | Place    | Note
-------+----------+-------------------------------------------
     0 | D:1      | hanselmaniac the Troll Monk began the quest for the Orb.
     0 | D:1      | Reached XP level 1. HP: 22/22 MP: 0/0
   102 | D:1      | Reached XP level 2. HP: 22/29 MP: 1/1
   871 | D:2      | Reached XP level 3. HP: 36/36 MP: 2/2
  1119 | D:2      | Found a burning altar of Makhleb.
  1124 | D:2      | Became a worshipper of Makhleb the Destroyer
  1124 | D:2      | Reached * piety under Makhleb
  1124 | D:2      | Reached ** piety under Makhleb
  1243 | D:2      | Reached skill level 4 in Unarmed Combat
  1399 | D:2      | Reached XP level 4. HP: 44/44 MP: 3/3
  1715 | D:3      | Found a glowing drain.
  1741 | Sewer    | Entered a sewer
  1747 | Sewer    | Reached skill level 5 in Unarmed Combat
  1756 | Sewer    | Reached XP level 5. HP: 40/52 MP: 4/4
  1860 | Sewer    | Found a white marble altar of Elyvilon.
  2557 | D:4      | Reached skill level 6 in Unarmed Combat
  2730 | D:4      | Reached XP level 6. HP: 59/59 MP: 5/5
  3251 | D:5      | Entered Level 5 of the Dungeon
  3410 | D:5      | Reached skill level 7 in Unarmed Combat
  3414 | D:5      | Noticed Menkaure
  3426 | D:5      | Killed Menkaure
  3426 | D:5      | Reached *** piety under Makhleb
  3426 | D:5      | Reached XP level 7. HP: 46/66 MP: 6/6
  3633 | D:5      | Found a blossoming altar of Fedhas.
  3798 | D:6      | Reached skill level 8 in Unarmed Combat
  3829 | D:6      | Found a staircase to the Ecumenical Temple.
  3934 | D:6      | Reached skill level 9 in Unarmed Combat
  3934 | D:6      | Reached XP level 8. HP: 11/74 MP: 7/7
  4035 | Temple   | Entered the Ecumenical Temple
  4325 | D:6      | Found a white marble altar of Elyvilon.
  4453 | D:6      | Reached skill level 10 in Unarmed Combat
  4817 | D:7      | Found a hide-covered altar of Uskayaw.
  4969 | D:7      | Reached **** piety under Makhleb
  5122 | D:7      | Found a shattered altar of Ashenzari.
  5238 | D:7      | Reached skill level 11 in Unarmed Combat
  5394 | D:8      | Reached XP level 9. HP: 59/80 MP: 8/8
  5653 | D:8      | Reached skill level 12 in Unarmed Combat
  5694 | D:8      | Noticed a two-headed ogre
  5696 | D:8      | Killed a two-headed ogre
  5696 | D:8      | Reached skill level 13 in Unarmed Combat
  6041 | D:9      | HP: 2/80 [killer bee (10)]
  6042 | D:9      | Slain by a killer bee

Skill      XL: |  1  2  3  4  5  6  7  8  9 |
---------------+----------------------------+-----
Unarmed Combat | 4 5 6 7 9 11 13 | 13.2
Dodging        | 3 4 |  4.5
Fighting       | |  2.9
Stealth        | |  1.0

Action                   |  1- 3 |  4- 6 |  7- 9 || total
-------------------------+-------+-------+-------++-------
Melee: Unarmed           |    60 |   140 |   234 ||   434
       Punch             |     1 |     2 |    14 ||    17
  Use: Potion            |     1 |     2 |       ||     3
       Scroll            |       |     5 |     3 ||     8
 Stab: Sleeping          |     4 |     3 |     2 ||     9
  Eat: Ration            |     3 |     3 |     4 ||    10
       Chunk             |     1 |     8 |    12 ||    21
Armor: Robe              |    20 |    31 |    58 ||   109
Dodge: Dodged            |    22 |    51 |   115 ||   188
